 Dungeon Crawl Stone Soup version 0.29-a0-506-ga2e7fffb44 (console) character file.

Game seed: 5146824205088055092

3168 talyrea the Cleaver (level 9, -13/69 HPs)
             Began as a Mummy Wanderer on May 29, 2022.
             Mangled by a death yak (15 damage)
             ... on level 7 of the Dungeon.
             The game lasted 00:21:13 (10674 turns).

talyrea the Cleaver (Mummy Wanderer)               Turns: 10674, Time: 00:21:14

Health: -13/69     AC: 12    Str: 20    XL:     9   Next: 63%
Magic:  9/9        EV:  9    Int: 11    God:
Gold:   333        SH:  0    Dex: 11    Spells: 8/8 levels left

rFire   . . .      SeeInvis .   u - +1 hand axe (freeze)
rCold   + . .      Faith    .   (no shield)
rNeg    + + +      Spirit   .   d - +2 scale mail
rPois   ∞          Reflect  .   s - +1 helmet
rElec   .          Harm     .   (no cloak)
rCorr   .          Rampage  .   p - +0 pair of gloves
Will    +....                   (no boots)
Stlth   ..........              (no amulet)
HPRegen 0.21/turn               h - ring of protection from fire
MPRegen 0.11/turn               (no ring)

@: studying Staves
A: cold resistance 1, negative energy resistance 3, torment resistance 2, heat
vulnerability 1, in touch with death 1, no potions
a: no special abilities


You were on level 7 of the Dungeon.
You visited 2 branches of the dungeon, and saw 9 of its levels.
You also visited: Sewer and Ossuary.

You collected 410 gold pieces.
You spent 77 gold pieces at shops.

Inventory:

Hand Weapons
 u - a +1 hand axe of freezing (weapon)
Missiles
 e - 13 javelins
 q - 11 poisoned darts (quivered)
Armour
 d - a +2 scale mail (worn)
 p - a +0 pair of gloves (worn)
 s - a +1 helmet (worn)
Jewellery
 h - a ring of protection from fire (left hand)
 t - a ring of see invisible
Wands
 g - a wand of iceblast (2)
 j - a wand of mindburst (16)
 l - a wand of polymorph (29)
 n - a wand of charming (7)
 r - a wand of digging (1)
Scrolls
 a - 5 scrolls of identify
 b - 7 scrolls of fog
 c - 10 scrolls of teleportation
 f - 3 scrolls of fear
 i - 2 scrolls of amnesia
 k - 3 scrolls of enchant armour
 m - 2 scrolls of immolation
 o - a scroll of enchant weapon
 v - a scroll of torment
 w - a scroll of magic mapping
 x - a scroll of poison {unknown}


   Skills:
 - Level 6.0 Fighting
 + Level 10.5 Axes
 - Level 2.0 Throwing
 - Level 4.1 Armour
 - Level 2.0 Evocations


You had 8 spell levels left.
You didn't know any spells.
Your spell library contained the following spells:

 Spells                   Type           Power      Damage    Failure   Level
 Magic Dart               Conj           0%         1d3       69%         1
 Necrotize                Necr           0%         1d4       69%         1
 Call Imp                 Summ           0%         N/A       83%         2
 Searing Ray              Conj           0%         2d4       83%         2
 Mephitic Cloud           Conj/Pois/Air  0%         N/A       96%         3
 Vampiric Draining        Necr           0%         2d6       96%         3
 Cause Fear               Hex            0%         N/A       100%        4
 Fulminant Prism          Conj/Hex       0%         3d6       100%        4
 Agony                    Necr           0%         N/A       100%        5
 Dragon's Call            Summ           0%         N/A       100%        9
 Dragon Form              Tmut           Unusable   N/A       N/A         7

Dungeon Overview and Level Annotations

Branches:
Dungeon (8/15)             Temple (1/1) D:4           Sewer (visited)
Ossuary (visited)
   Lair: D:8-11

Altars:
Elyvilon
Fedhas
Kikubaaqudgha
Makhleb
Nemelex Xobeh
Okawaru
Qazlal
Ru
Trog
Uskayaw
Xom
The Shining One
Lugonu

Shops:
D:5 !**[   D:6 [[(


Innate Abilities, Weirdness & Mutations

You are immune to poison.
Your flesh is cold resistant. (rC+)
You are immune to negative energy. (rN+++)
You are immune to unholy pain and torment.
You are vulnerable to heat. (rF-)
You are in touch with the powers of death.
You do not drink.


Message History

The death yak is moderately wounded.
The death yak gores you but does no damage.
You hit the death yak. You freeze the death yak.
The death yak is heavily wounded.
You slash the death yak! You freeze the death yak.
The death yak is heavily wounded.
The death yak gores you!!
You hit the death yak but do no damage.
The death yak is heavily wounded.
The death yak gores you!!
* * * LOW HITPOINT WARNING * * *
The death yak snorts and paws the ground.
The death yak attacks as you move away! The death yak gores you!
* * * LOW HITPOINT WARNING * * *
You can't drink.
Unknown command.
As you read the scroll of fear, it crumbles to dust.
You assume a fearsome visage.
The death yak looks frightened!
Throw: 10 darts (poison)
Press: ? - help, Q - select action, (/) - cycle Shift-Dir - straight line, f/p - death yak
Aim: a death yak (severely wounded, fleeing, very poisoned, 79% to hit)
You throw a poisoned dart. The poisoned dart hits the death yak.
The death yak looks even sicker.
Your attack snaps the death yak out of its fear.
The death yak is severely wounded.
Throw: 9 darts (poison)
Press: ? - help, Q - select action, (/) - cycle Shift-Dir - straight line, f/p - death yak
Aim: a death yak (severely wounded, fleeing, very poisoned, 79% to hit)
You throw a poisoned dart.
The poisoned dart barely misses the death yak.
q - 9 poisoned darts (gained 1)
q - 10 poisoned darts (gained 1)
q - 11 poisoned darts (gained 1)
The death yak attacks as you move away! The death yak closely misses you.
You hit the death yak. You freeze the death yak.
The death yak is almost dead.
The death yak gores you!
* * * LOW HITPOINT WARNING * * *
The death yak attacks as you move away! The death yak gores you!
You die...

..#........# ##.##
....##.##### ###
.......# .#######
.# .# #######
######## .#
#.....#########
#......#####
.###.............#
#.#........#
..........######@#
#.#.##.###.#
.###......[..# #Y#
#.#.........
..##(...>.##.###.#
#.#.##.###.#
...######........#
#.#.##.# #.. ..##
####.#####
#......###.# .##
####.#
###........# .#
##....# #.########
.# #.....#
#####.#### '##
#.....# #........#
#


You could see a death yak (poisoned).

Vanquished Creatures
  Pikel (D:4)
  Menkaure (D:4)
  An orc warrior (D:5)
  A black bear (D:4)
  A sky beast (D:6)
  3 ogres
  An ice beast (D:7)
  A centaur (D:7)
  A phantom (D:3)
  2 bullfrogs
  3 kobold brigands (Sewer)
  2 elf zombies (Ossuary)
  3 necrophages
  2 scorpions
  4 wights (D:7)
  A howler monkey (D:5)
  A human zombie (Ossuary)
  2 centaur zombies (Ossuary)
  A hound (D:5)
  3 jellies
  4 orc priests
  6 orc wizards
  3 mummies
  6 gnolls
  8 adders
  A shadow imp (D:7)
  A white imp (D:6)
  An ufetubus (D:7)
  A worm (D:4)
  2 dart slugs
  30 orcs
  10 bats
  4 endoplasms
  4 giant cockroaches
  6 goblins
  9 hobgoblins
  6 jackals
  5 quokkas
  7 ball pythons
  7 frilled lizards
  A goblin zombie (Ossuary)
  11 hobgoblin zombies (Ossuary)
  A jackal zombie (Ossuary)
  18 kobolds
  9 kobold zombies (Ossuary)
  6 orc zombies (Ossuary)
  11 rats
  3 rat zombies (Ossuary)
216 creatures vanquished.

Vanquished Creatures (others)
  A demonic plant (Temple)
  A fungus (Sewer)
  15 plants
17 creatures vanquished.

Grand Total: 233 creatures vanquished

Notes
Turn   | Place    | Note
-------+----------+-------------------------------------------
     0 | D:1      | talyrea the Mummy Wanderer began the quest for the Orb.
     0 | D:1      | talyrea set off with the following items: a +0 club, 2
                  | scrolls of fog, a scroll of teleportation, a +2 scale mail
     0 | D:1      | Reached XP level 1. HP: 21/21 MP: 1/1
    93 | D:1      | Reached XP level 2. HP: 27/27 MP: 2/2
   154 | D:1      | Found a faded altar of an unknown god.
   935 | D:2      | Gained mutation: You are in touch with the powers of death.
                  | [Mummy growth]
   935 | D:2      | Reached XP level 3. HP: 32/34 MP: 3/3
  1139 | D:2      | Found an ancient bone altar of Kikubaaqudgha.
  1352 | D:2      | Reached skill level 1 in Axes
  1814 | D:2      | Reached XP level 4. HP: 33/40 MP: 4/4
  2018 | D:3      | Reached skill level 2 in Axes
  2047 | D:3      | Reached XP level 5. HP: 13/46 MP: 5/5
  2190 | D:3      | Found an ancient bone altar of Kikubaaqudgha.
  2252 | D:3      | Found a glowing drain.
  2256 | Sewer    | Entered a sewer
  2286 | Sewer    | Reached skill level 3 in Axes
  2482 | Sewer    | Reached skill level 4 in Axes
  2482 | Sewer    | Reached XP level 6. HP: 13/52 MP: 6/6
  3231 | D:3      | Found a sparkling altar of Nemelex Xobeh.
  3351 | D:4      | Noticed Menkaure
  3417 | D:3      | Reached skill level 5 in Axes
  3648 | D:5      | Entered Level 5 of the Dungeon
  3749 | D:4      | Reached XP level 7. HP: 41/58 MP: 7/7
  3749 | D:4      | Found a staircase to the Ecumenical Temple.
  3759 | Temple   | Entered the Ecumenical Temple
  3811 | D:4      | Killed Menkaure
  3812 | D:4      | Reached skill level 1 in Throwing
  3849 | D:4      | Noticed an angel
  3852 | D:4      | Noticed Pikel
  3870 | D:4      | Found a sand-covered staircase.
  3916 | Ossuary  | Entered an ossuary
  4315 | Ossuary  | Reached skill level 6 in Axes
  4705 | D:4      | Killed Pikel
  4706 | D:4      | Reached skill level 7 in Axes
  4706 | D:4      | Reached XP level 8. HP: 35/64 MP: 8/8
  5157 | D:4      | Noticed a rust devil
  5423 | D:4      | Found a shimmering altar of Xom.
  5972 | D:4      | Reached skill level 8 in Axes
  6796 | D:5      | Reached skill level 9 in Axes
  6796 | D:5      | Reached XP level 9. HP: 13/69 MP: 9/9
  7212 | D:5      | Found Veapio's Assorted Antiques.
  7329 | D:5      | Found Weshril's Antique Armour Shop.
  7521 | D:5      | Found Soelaepa's General Store.
  7530 | D:5      | Bought a scroll of identify for 28 gold pieces
  7530 | D:5      | Bought a scroll of fear for 49 gold pieces
  7563 | D:5      | Identified the +1 short sword "Tuatz" {venom, rC++}
  7741 | D:5      | Found Oditymas's Distillery.
  8093 | D:6      | Found Roawno's Weapon Shop.
  8309 | D:6      | Found Luinke's Armour Shoppe.
  8335 | D:6      | Found Lecwuorgh's Antique Armour Boutique.
  9648 | D:7      | Reached skill level 10 in Axes
 10120 | D:7      | Found an iron altar of Okawaru.
 10358 | D:7      | Identified the +3 leather armour of the Swamp {Will+ Str-4
                  | Dex+2}
 10614 | D:8      | Noticed a death yak
 10673 | D:7      | HP: 2/69 [death yak (15)]
 10674 | D:7      | Mangled by a death yak

Illustrated notes

Levels and vault maps discovered:
D:1:      minmay_arrival_checkered_box, layout_basic, serial_glass,
          glass_columns_a, glass_columns_c, shapermc_ecumenical_altar_ellora
D:2:      layout_basic, basic_altar
D:3:      layout_basic, nemelex_dance_club_becter,
          nicolae_kikubaaqudgha_miasma_corner, gup_sewer_entry_bowl,
          minmay_ruptured
D:4:      layout_layer_cave, xom_confusion_cloud, temple_garden,
          gup_ossuary_entry_pyramid, st_stairs_12, item_on_display_a,
          uniq_menkaure, uniq_pikel
D:5:      layout_basic, serial_shops, shop, nicolae_stop_n_shop_2,
          nicolae_shop_overgrown_old_shop, shop_statue, minmay_manual_moon
D:6:      lemuel_ice_spiral_2, layout_basic, serial_shops, shop,
          nicolae_shop_hallway_stairs, nicolae_shop_waterfront
D:7:      layout_loops_corners, okawaru_metal_pillars_1_2
D:8:      cheibrodos_elevator_heist, layout_rooms,
          nicolae_dithmenos_the_darkroom, mainiacjoe_overflow_brackets,
          vehumet_altar_wand_db, amethyst_overflow_temple_binary,
          grunt_temple_overflow_open, dpeg_lair_monsters, minmay_radiant
Temple:   corrupted_temple

Skill      XL: |  1  2  3  4  5  6  7  8  9 |
---------------+----------------------------+-----
Fighting       | 6 |  6.0
Axes           | 1 2 4 5 7 9 10 | 10.5
Throwing       | 2 |  2.0
Evocations     | 2 |  2.0
Armour         | |  4.1

Action                   |  1- 3 |  4- 6 |  7- 9 || total
-------------------------+-------+-------+-------++-------
Melee: Club              |    59 |       |       ||    59
       Short sword       |    96 |     4 |       ||   100
       Punch             |     2 |     2 |    11 ||    15
       Hand axe          |    12 |   163 |   406 ||   581
Throw: Javelin           |       |       |    27 ||    27
       Dart              |       |       |    30 ||    30
Evoke: Wand              |       |     2 |     5 ||     7
  Use: Scroll            |       |     6 |     7 ||    13
 Stab: Paralysed         |       |     4 |     3 ||     7
Armor: Scale mail        |   116 |   130 |   192 ||   438
Dodge: Dodged            |   102 |    90 |   171 ||   363

Table legend: (Time is in decaauts)
 A = Elapsed time spent in this place.
 B = Non-inter-level travel time spent in this place.
 C = Inter-level travel time spent in this place.
 D = Time resting spent in this place.
 E = Time spent auto-exploring this place.
 F = Levels seen in this place.
 G = Mean time per level.
                   A        B        C        D        E       F      G
               +--------+--------+--------+--------+--------+-----+--------+
         Total |  10726 |   9980 |    746 |   2227 |   5244 |  11 |  975.1 |
       Dungeon |   9431 |   8696 |    735 |   1665 |   4999 |   8 | 1178.9 |
        Temple |     50 |     39 |     11 |      0 |     19 |   1 |   50.0 |
         Sewer |    486 |    486 |      0 |    210 |    132 |   1 |  486.0 |
       Ossuary |    758 |    758 |      0 |    352 |     93 |   1 |  758.0 |
               +--------+--------+--------+--------+--------+-----+--------+

Top non-repeatable levels by time:
     D:4: 2127 daAuts
     D:3: 1541 daAuts
     D:6: 1490 daAuts
     D:5: 1206 daAuts
     D:7: 1095 daAuts
     D:2: 1042 daAuts
     D:1: 910 daAuts
 Ossuary: 758 daAuts
   Sewer: 486 daAuts
  Temple: 50 daAuts
     D:8: 19 daAuts
